 Dungeon Crawl Stone Soup version 0.22-a0-192-g6ffc940 (webtiles) character file.

4 varam the Firebug (level 1, 0/15 HPs)
             Began as a Naga Fire Elementalist on Feb 15, 2018.
             Slain by a leopard gecko (2 damage)
             ... on level 1 of the Dungeon on Feb 16, 2018.
             The game lasted 00:01:46 (208 turns).

varam the Firebug (Naga Fire Elementalist)           Turns: 208, Time: 00:01:47

Health: 0/15       AC:  2    Str:  8 (10) XL:     1   Next: 70%
Magic:  1/3        EV: 10    Int: 12 (15) God:
Gold:   0          SH:  0    Dex:  9 (11) Spells: 3/4 levels left

rFire    . . .     SeeInvis +   g - +0 whip
rCold    . . .     Gourm    .   (no shield)
rNeg     . . .     Faith    .   a - +1 robe
rPois    +         Spirit   .   (no helmet)
rElec    .         Reflect  .   (no cloak)
rCorr    .         Harm     .   (no gloves)
MR       .....                  (no barding)
Stlth    ++........             (no amulet)
HPRegen  0.05/turn              (no ring)
MPRegen  0.08/turn              (no ring)

@: very slow
A: large, see invisible, deformed body, poison resistance, slowness 2, slow
metabolism 1, spit poison 1, AC +0
a: Spit Poison


You were on level 1 of the Dungeon.
You were not hungry.

You visited 1 branch of the dungeon, and saw 1 of its levels.

Inventory:

Hand Weapons
 g - a +0 whip (weapon)
Armour
 a - a +1 robe (worn)
Books
 b - a book of Flames

   Spells                             Type                      Level
   a - Flame Tongue                   Conjuration/Fire             1
   b - Throw Flame                    Conjuration/Fire             2
   c - Conjure Flame                  Conjuration/Fire             3
   d - Inner Flame                    Hexes/Fire                   3
   e - Sticky Flame                   Conjuration/Fire             4
   f - Fireball                       Conjuration/Fire             5
Comestibles
 c - 2 rations
 f - 2 chunks of flesh


   Skills:
 - Level 1.5 Dodging
 - Level 3.0 Stealth
 - Level 2.0 Spellcasting
 * Level 1.4 Conjurations
 + Level 3.1 Fire Magic


You had 3 spell levels left.
You knew the following spells:

 Your Spells              Type           Power        Failure   Level  Hunger
a - Flame Tongue          Conj/Fire      #....        11%         1    ##.....


Dungeon Overview and Level Annotations

Branches:
Dungeon (1/15)

Altars:


Innate Abilities, Weirdness & Mutations

You cannot wear boots.
Your serpentine skin is tough. (AC +0)
You have supernaturally acute eyesight. (SInv)
Armour fits poorly on your strangely shaped body.
Your system is resistant to poisons. (rPois)
You cover ground very slowly.
You have a slow metabolism.
You can spit poison.


Message History

You kill the bat!
The leopard gecko closely misses you. The leopard gecko bites you.
* * * LOW HITPOINT WARNING * * *
The leopard gecko bites you.
* * * LOW HITPOINT WARNING * * *
The leopard gecko closely misses you.
You closely miss the leopard gecko. The leopard gecko closely misses you.
The leopard gecko completely misses you.
It was a potion of degeneration.
There was something very wrong with that liquid.
You feel weakened.
You feel dopey.
You feel clumsy. The leopard gecko misses you.
As you read the scroll labeled YTARRI ISHUEKH, it crumbles to dust.
It is a scroll of enchant armour.
Your +0 robe glows green for a moment.
The leopard gecko barely misses you.
You hit the leopard gecko.
The leopard gecko is moderately wounded.
The leopard gecko barely misses you. The leopard gecko bites you.
You die...

#. #.## #... # # #..#
.# #.# #.!##.# ##
##...#..#..# .####
..........# ....####
.######.###.#
.......## #.@l......#
###.....## #.#########
..###....## #.#
....##....## #.#
#....##...##.>#.######
##....#....#.........#
.##...##...#.#.#####.#
..#....#...#.#.#...#.#
..#....#...#.#.#.#.#.#


You could see a leopard gecko.

Vanquished Creatures
  A goblin (D:1)
  A kobold (D:1)
  2 bats (D:1)
  A rat (D:1)
5 creatures vanquished.

Notes
Turn   | Place    | Note
-------+----------+-------------------------------------------
     0 | D:1      | varam the Naga Fire Elementalist began the quest for the Orb.
     0 | D:1      | Reached XP level 1. HP: 15/15 MP: 3/3
     0 | D:1      | Upgraded the game from 0.22-a0-185-ge330310 to 0.22-a0-192-g6ffc940
   202 | D:1      | HP: 1/15 [leopard gecko (2)]
   208 | D:1      | Slain by a leopard gecko

Vault maps used:
D:1:      dpeg_arrival_circle_labyrinth_a

Action                   || total
-------------------------++-------
Melee: Whip              ||     5
 Cast: Flame Tongue      ||     7
  Use: Scroll            ||     1
       Potion            ||     1
 Stab: Sleeping          ||     1
Armor: Robe              ||     1
Dodge: Dodged            ||    15

Table legend:
 A = Spawn XP
 B = Non-spawn XP
 C = Spawn XP percentage of total XP
 D = Spawn monster count
 E = Non-spawn monster count
 F = Spawn count percentage of total count
 G = Total turns spent on level
                    A         B        C        D         E        F      G
               +---------+---------+-------+---------+---------+-------+---------
         Total |       0 |       7 |   0.0 |       0 |       5 |   0.0 |   208
               +---------+---------+-------+---------+---------+-------+---------
           D:1 |       0 |       7 |   0.0 |       0 |       5 |   0.0 |   208
               +---------+---------+-------+---------+---------+-------+---------
